 Dungeon Crawl Stone Soup version 0.27-a0-978-g2aa4ecdaef (webtiles) character file.

Game seed: 15333703771701084736

45 1player the Ducker (level 3, 0/27 HPs)
             Began as a Djinni Fire Elementalist on Apr 14, 2021.
             Slain by an orc priest
             ... wielding a +0 falchion
              (8 damage)
             ... on level 2 of the Dungeon.
             The game lasted 00:08:59 (1808 turns).

1player the Ducker (Djinni Fire Elementalist)       Turns: 1808, Time: 00:08:59

Health: 0/27       AC:  5    Str:  7    XL:     3   Next: 64%
Gold:   70         EV: 13    Int: 17    God:
                   SH:  0    Dex: 13

rFire    + + .     SeeInvis .   d - +0 rapier
rCold    x . .     Faith    .   (no shield)
rNeg     . . .     Spirit   .   a - +0 robe
rPois    ∞         Reflect  .   b - +0 helmet
rElec    .         Harm     .   l - +1 cloak
rCorr    .         Rampage  .   (no gloves)
Will     .....                  (boots unavailable)
Stlth    ++........             (no amulet)
HPRegen  0.09/turn              (no ring)
MPRegen  0.00/turn              (no ring)

@: flying
A: fire resistance 2, cold vulnerability 1, float, innate caster, hp casting,
extra vitality 1
a: no special abilities


You were on level 2 of the Dungeon.
You visited 1 branch of the dungeon, and saw 3 of its levels.

You collected 70 gold pieces.

Inventory:

Hand Weapons
 d - a +0 rapier (weapon)
 g - a +0 dagger
Armour
 a - a +0 robe (worn)
 b - a +0 helmet (worn)
 l - a +1 cloak (worn)
Magical Staves
 j - a staff of air
Scrolls
 c - a scroll of noise {unknown}
 h - a scroll of enchant weapon {unknown}
 k - a scroll of teleportation {unknown}
Potions
 e - 2 potions of magic {unknown}
 f - a potion of flight {unknown}
 i - a potion of resistance {unknown}


   Skills:
 * Level 1.5 Fighting
 + Level 3.8 Dodging
 - Level 1.5 Stealth
 - Level 2.6 Spellcasting


You couldn't memorise any spells.
You knew the following spells:

 Your Spells              Type           Power      Damage    Failure   Level
b - Conjure Flame         Conj/Fire      11%        6-21      19%         3
c - Inner Flame           Hex/Fire       11%        N/A       19%         3
d - Sticky Flame          Conj/Fire      11%        2d3       52%         4
e - Fireball              Conj/Fire      5%         3d5       86%         5
q - Foxfire               Conj/Fire      44%        2x1d6     6%          1
z - Sting                 Tmut/Pois      44%        1d5       6%          1
Your spell library was empty.

Dungeon Overview and Level Annotations

Branches:
Dungeon (3/15)

Altars:

Shops:
D:1 ?

Annotations:
D:2 Sigmund


Innate Abilities, Weirdness & Mutations

You are immune to poison.
Your flesh is very heat resistant. (rF++)
You are vulnerable to cold. (rC-)
You float through the air rather than walking.
You learn spells naturally, not from books.
Your magical power is your life essence.
You have superior vitality. (+4 HP)


Message History

Confirm with . or Enter, or press ? or * to list all spells.
You conjure some foxfire!
The foxfire hits the orc.
The orc is heavily wounded.
The foxfire hits the orc.
You kill the orc!
Casting: Foxfire (safe; 6% risk of failure)
Confirm with . or Enter, or press ? or * to list all spells.
You conjure some foxfire!
The foxfire hits the orc priest.
The orc priest is lightly wounded.
You fly upwards.
Level annotation: Sigmund
There is a stone staircase leading down here.
You start resting.
HP restored.
You fly downwards.
The orc priest mumbles some strange prayers to Beogh against you.
You barely resist.
There is a stone staircase leading up here.
The orc priest suddenly jeers, in orcish tradition.
The orc priest hits you with a +0 falchion.
You fly upwards.
Level annotation: Sigmund
There is a stone staircase leading down here.
Casting: Foxfire (safe; 6% risk of failure)
Confirm with . or Enter, or press ? or * to list all spells.
Aiming: Sting (safe; 6% risk of failure)
Press: ? - help, Shift-Dir - straight line, f - orc priest
Aim: an orc priest, wielding a +0 falchion (lightly wounded, 29% to evade)
The sting hits the orc priest.
The orc priest is poisoned.
The orc priest is heavily wounded.
The orc priest calls down the wrath of Beogh upon you.
Beogh smites you!
Ouch! That really hurt!
Casting: Sting (safe; 6% risk of failure)
Confirm with . or Enter, or press ? or * to list all spells.
You conjure some foxfire!
The orc priest hits you with a +0 falchion!
You die...

#..#.# #.##........
##.#.# #..+........
#######'#.#
####........
#.........# #........
#.........# #........
#.........# #........
#.........# #........
#.......vv###
#........
#########@o.#
##########+
#######.###..
#.......#<#.########
#.#######.#.##.....###
#.#.......#.##.###.#.#
#.#.#######.##.# #....
#.#.# #....##.# ###.#
#.#.####.#####.# #...
#.#.......#....# ##.#


You could see an orc priest (poisoned, ally target).

Vanquished Creatures
  An adder (D:2)
  A worm (D:2)
  2 orcs (D:3)
  2 ball pythons
  5 bats
  4 endoplasms (D:2)
  3 goblins
  3 hobgoblins
  A quokka (D:2)
  2 frilled lizards
  5 kobolds
  A rat (D:2)
30 creatures vanquished.

Vanquished Creatures (others)
  43 foxfires
43 creatures vanquished.

Grand Total: 73 creatures vanquished

Notes
Turn   | Place    | Note
-------+----------+-------------------------------------------
     0 | D:1      | 1player the Djinni Fire Elementalist began the quest for
                  | the Orb.
     0 | D:1      | Reached XP level 1. HP: 15/15 MP: 0/0
    69 | D:1      | Found Jehik's Magic Scroll Shoppe.
   429 | D:1      | Reached skill level 3 in Dodging
   429 | D:1      | Reached XP level 2. HP: 13/21 MP: 0/0
   968 | D:2      | Noticed Sigmund
  1257 | D:2      | Reached skill level 1 in Fighting
  1257 | D:2      | Reached XP level 3. HP: 23/27 MP: 0/0
  1257 | D:2      | Learned a level 1 spell: Sting
  1808 | D:2      | Slain by an orc priest

Illustrated notes

Levels and vault maps discovered:
D:1:      psy_arrival_radial01, layout_rooms, serial_shops, shop_scrolls
D:2:      layout_basic, st_stairs_9, uniq_sigmund
D:3:      layout_loops_ring, serial_shops, nicolae_shop_window_shopping,
          uniq_robin

Skill      XL: |  1  2 |
---------------+-------+-----
Dodging        | 3 |  3.8
Fighting       | 1 |  1.5
Stealth        | |  1.5
Spellcasting   | |  2.6

Action                   || total
-------------------------++-------
Melee: Rapier            ||    23
       Dagger            ||    16
 Cast: Foxfire           ||    31
       Sting             ||     5
 Stab: Sleeping          ||     2
Armor: Robe              ||    15
Dodge: Dodged            ||    41

Table legend: (Time is in decaauts)
 A = Elapsed time spent in this place.
 B = Non-inter-level travel time spent in this place.
 C = Inter-level travel time spent in this place.
 D = Time resting spent in this place.
 E = Time spent auto-exploring this place.
 F = Levels seen in this place.
 G = Mean time per level.
                   A        B        C        D        E       F      G
               +--------+--------+--------+--------+--------+-----+--------+
         Total |   1813 |   1716 |     97 |    628 |    353 |   3 |  604.3 |
       Dungeon |   1813 |   1716 |     97 |    628 |    353 |   3 |  604.3 |
               +--------+--------+--------+--------+--------+-----+--------+

Top non-repeatable levels by time:
     D:2: 1084 daAuts
     D:1: 679 daAuts
     D:3: 49 daAuts
